 Dungeon Crawl Stone Soup version 0.29.1-13-g9f3cf754e1 (webtiles) character file.

Game seed: 17516839926820096785

179 KittyFluff the Cudgeller (level 5, -1/33 HPs)
             Began as a Gargoyle Berserker on Jan 22, 2023.
             Was a Believer of Trog.
             Splashed by a jelly's acid (7 damage)
             ... on level 4 of the Dungeon.
             The game lasted 00:12:35 (3354 turns).

KittyFluff the Cudgeller (Gargoyle Berserker)       Turns: 3354, Time: 00:12:38

Health: -1/33      AC: -2    Str: 20    XL:     5   Next: 59%
Magic:  5/5        EV: 11    Int:  8    God:    Trog [**....]
Gold:   76         SH:  3    Dex: 11    Spells: 4/4 levels left

rFire   . . .      SeeInvis .   a - +1 mace
rCold   + . .      Faith    .   r - +0 buckler
rNeg    + . .      Spirit   .   q - +2 robe {rC+}
rPois   ∞          Reflect  .   u - +0 helmet
rElec   +          Harm     .   (no cloak)
rCorr   .          Rampage  .   (no gloves)
Will    .....                   (no boots)
Stlth   ++........              (no amulet)
HPRegen 0.11/turn               (no ring)
MPRegen 0.09/turn               (no ring)

@: corroded
A: sickness immunity, AC +4, negative energy resistance 1, electricity
resistance, torment resistance 1, petrification resistance
a: Renounce Religion, Berserk, Trog's Hand


You were on level 4 of the Dungeon.
You worshipped Trog.
Trog was pleased with you.
You visited 1 branch of the dungeon, and saw 4 of its levels.

You collected 230 gold pieces.
You spent 154 gold pieces at shops.

Inventory:

Hand Weapons
 a - a +1 mace (weapon)
 w - a +0 sling
 x - a +0 flail
 y - a +0 shortbow
Missiles
 d - 18 stones (quivered)
 s - 2 throwing nets
 z - 2 poisoned darts
Armour
 l - a +0 scale mail
 q - a +2 robe of cold resistance (worn)
 r - a +0 buckler (worn)
 t - a +4 ring mail of poison resistance
 u - a +0 helmet (worn)
Scrolls
 c - 2 scrolls of fog {unknown}
 e - 2 scrolls of fear {unknown}
 i - a scroll of identify {unknown}
 j - 2 scrolls of enchant weapon
 m - a scroll of poison {unknown}
 p - 2 scrolls of magic mapping {unknown}
 v - a scroll of brand weapon {unknown}
Potions
 b - a potion of cancellation {unknown}
 f - a potion of heal wounds {unknown}
 g - a potion of lignification {unknown}
 h - a potion of resistance {unknown}
 k - 2 potions of degeneration {unknown}
 n - 3 potions of haste {unknown}
 o - 2 potions of brilliance {unknown}


   Skills:
 + Level 4.0 Fighting
 + Level 4.5 Maces & Flails
 * Level 3.2 Armour
 + Level 2.2 Dodging
 + Level 1.2 Stealth
 + Level 0.2 Shields


You had 4 spell levels left.
You didn't know any spells.
Your spell library was empty.

Dungeon Overview and Level Annotations

Branches:
Dungeon (4/15)
 Temple: D:4-7

Altars:
Fedhas
Okawaru
Sif Muna

Shops:
D:3 [


Innate Abilities, Weirdness & Mutations

You are immune to sickness and miasma.
Your stone body is resilient. (AC +4)
You are immune to poison.
You resist negative energy. (rN+)
You are resistant to electric shocks. (rElec)
You are resistant to unholy torment.
You are immune to petrification.


Message History

The jelly quivers.
The kobold shouts!
You hit the adder.
The adder is lightly wounded.
You hear a shout!
You hear an angry hiss.
You hear a shout!
The adder bites you. The adder bites you but does no damage.
You miss the adder.
The adder is lightly wounded.
The adder bites you but does no damage.
You hit the adder but do no damage.
The adder is lightly wounded.
The adder misses you. The adder barely misses you.
You block the jelly's attack.
You hit the jelly. The acid corrodes you!
Your hands burn!
The jelly is moderately wounded.
The adder closely misses you. The jelly barely misses you. The adder bites you.
You barely miss the jelly.
The jelly is moderately wounded.
The jelly barely misses you. The adder bites you but does no damage.
You hit the jelly but do no damage.
Your hands burn!
The jelly is moderately wounded.
The adder barely misses you. The jelly completely misses you.
The adder closely misses you. The kobold hits you with a +0 club.
The jelly barely misses you.
You barely miss the jelly.
The jelly is moderately wounded.
The adder bites you but does no damage. The jelly hits you but does no damage.
The kobold hits you but does no damage. The adder bites you but does no damage.
You hit the jelly.
Your hands burn!
The jelly is heavily wounded.
The adder bites you. The jelly hits you but does no damage.
The kobold hits you with a +0 club.
You hit the jelly but do no damage. The acid corrodes you!
Your hands burn!
The jelly is heavily wounded.
The adder bites you.
* * * LOW HITPOINT WARNING * * *
The jelly hits you.
* * * LOW HITPOINT WARNING * * *
The acid corrodes you!
You are splashed with acid!
You die...

##.........
...$.......## ##........
............######......
..............## ##.....
#..............# #.....
#.............. #...##
#.............. #..###
#$...S......... #.....
#....J@.......# ##.....
#....K........# #......
#.............# #......
#............## #......
##...........# #......
#...........# #......
##.........## ##......
####........# #......#
...##....>.## ##..#####


You could see a jelly, an adder and a kobold.

Vanquished Creatures
  A scorpion (D:4)
  An orc priest (D:4)
  2 adders
  4 orcs
  3 ball pythons
  3 endoplasms
  6 giant cockroaches
  5 goblins
  4 hobgoblins
  8 jackals (D:1)
  A quokka (D:3)
  11 bats
  2 frilled lizards
  6 kobolds
  8 rats
65 creatures vanquished.

Notes
Turn   | Place    | Note
-------+----------+-------------------------------------------
     0 | D:1      | KittyFluff the Gargoyle Berserker began the quest for the
                  | Orb.
     0 | D:1      | Reached XP level 1. HP: 14/14 MP: 1/1
    77 | D:1      | Reached XP level 2. HP: 8/19 MP: 2/2
   323 | D:1      | Found a faded altar of an unknown god.
   675 | D:1      | Reached XP level 3. HP: 20/24 MP: 3/3
  1326 | D:2      | Reached ** piety under Trog
  1405 | D:2      | Found an iron altar of Okawaru.
  1664 | D:2      | Reached XP level 4. HP: 29/29 MP: 4/4
  1972 | D:3      | Found Dicu Yrupn's Antique Armour Shoppe.
  1983 | D:3      | Bought a shiny ring mail for 154 gold pieces
  2719 | D:4      | Noticed a scorpion
  2728 | D:4      | Killed a scorpion
  2729 | D:4      | Reached skill level 1 in Stealth
  2729 | D:4      | Reached XP level 5. HP: 21/33 MP: 5/5
  2893 | D:4      | Found a blossoming altar of Fedhas.
  2909 | D:4      | Found a shimmering blue altar of Sif Muna.
  3354 | D:4      | Splashed by a jelly's acid

Illustrated notes

Levels and vault maps discovered:
D:1:      dpeg_arrival_tiny_d, layout_basic, basic_ecumenical_altar,
          minmay_tromino_v2
D:2:      layout_loops_cross, basic_altar
D:3:      layout_loops_corners, serial_shops, shop
D:4:      layout_cave_pods, grunt_temple_overflow_open

Skill      XL: |  1  2  3  4  5 |
---------------+----------------+-----
Dodging        | 2 |  2.2
Maces & Flails | 4 |  4.5
Armour         | 3 |  3.2
Stealth        | 1 |  1.2
Fighting       | 4 |  4.0
Shields        | |  0.2

Action                   |  1- 3 |  4- 6 || total
-------------------------+-------+-------++-------
Melee: Mace              |   130 |    64 ||   194
Invok: Berserk           |     1 |     1 ||     2
  Use: Scroll            |       |     1 ||     1
 Stab: Sleeping          |       |     2 ||     2
Armor: Animal skin       |    60 |       ||    60
       Robe              |     2 |    20 ||    22
Dodge: Dodged            |    98 |    44 ||   142
Block: Buckler           |       |    12 ||    12
